Map: Odyssey LE

Players

Contrajoe - Winner!

  • Race: Terran Terran
  • League: Gold
  • Spawn Location: 5:00

MOTO

  • Race: Zerg Zerg
  • League: Gold
  • Spawn Location: 11:00

VOD

Have the link to the VOD?

Description

ravagers yeah .-.

Time

  • Played on: June 12, 2017, 3:13 p.m.
  • Length: 13:13
Show
View Real Time Build Order
Export as new Build Order

Contrajoe Terran - Winner!

Build Orders: Command Center First (CC) 

Get SALT Encoding   

  12  0:01  SCV  
  13  0:17  Supply Depot  
  13  0:23  SCV  
  14  0:35  SCV  
  15  0:47  SCV  
  16  0:51  Engineering Bay  
  16  1:04  SCV  
  17  1:17  Command Center  
  17  1:42  Refinery x2  
  17  1:44  Barracks  
  16  1:54  Refinery  
  16  1:58  SCV  
  17  2:10  SCV  
  18  2:22  Engineering Bay  
  18  2:30  SCV  
  18  2:31  SCV  
  20  2:42  Factory  
  20  2:43  Marine  
  21  2:52  SCV x2  
  23  3:04  SCV x2  
  25  3:11  Marine  
  26  3:16  Planetary Fortress  
  26  3:18  Hi-Sec Auto Tracking  
  26  3:25  Refinery, SCV  
  27  3:30  Widow Mine  
  29  3:50  SCV  
  29  3:55  Marine  
  31  4:08  Factory Tech Lab  
  31  4:12  Starport x2  
  31  4:33  SCV  
  31  4:34  SCV  
  33  4:38  Siege Tank  
  36  4:47  SCV x2  
  36  4:52  Starport Tech Lab  
  38  5:01  Starport Tech Lab  
  38  5:10  Command Center  
  38  5:25  Marine  
  37  5:33  Supply Depot  
  37  5:40  Raven  
  38  5:51  Command Center  
  38  5:54  Raven, Siege Tank  
  43  6:13  SCV  
  43  6:17  Planetary Fortress  
  44  6:26  Command Center  
  44  6:35  Raven  
  44  6:36  Supply Depot  
  44  6:37  Missile Turret  
  44  6:39  Missile Turret  
  46  6:40  Supply Depot  
  46  6:58  Raven  
  48  7:20  Missile Turret, SCV x2  
  50  7:23  Factory  
  50  7:30  Planetary Fortress  
  50  7:35  Raven  
  52  7:37  Corvid Reactor  
  52  7:41  Missile Turret  
  52  7:50  SCV x2  
  54  8:02  SCV x2  
  56  8:13  Widow Mine  
  56  8:14  Siege Tank  
  61  8:27  Armory  
  61  8:28  SCV x3, Bunker  
  64  8:38  Raven  
  64  8:40  SCV  
  67  8:41  Raven  
  69  8:56  Planetary Fortress  
  69  9:09  Missile Turret x2  
  69  9:12  Missile Turret  
  64  9:27  SCV  
  65  9:40  SCV x4  
  69  9:50  Building Armor  
  69  9:51  Raven x2  
  69  9:52  Factory Reactor  
  73  10:05  Refinery  
  73  10:06  Refinery  
  73  10:15  Marine  
  73  10:18  Siege Tank  
  73  10:19  SCV x2  
  73  10:20  SCV x2  
  81  10:41  Refinery  
  81  10:42  Refinery  
  81  10:55  Command Center  
  81  10:57  Refinery, Missile Turret  
  81  10:59  Missile Turret  
  81  11:01  Missile Turret  
  81  11:03  SCV x4  
  85  11:08  Raven x2  
  89  11:14  Starport  
  89  11:15  SCV x2  
  91  11:41  Supply Depot x2  
  91  11:47  Command Center  
  91  12:03  SCV x2  
  91  12:06  Starport Tech Lab  
  91  12:07  SCV  
  91  12:08  Starport, Widow Mine x2  
  94  12:12  Siege Tank  
  94  12:15  SCV  
  102  12:19  Planetary Fortress, SCV  
  102  12:22  SCV  
  104  12:27  SCV  
  105  12:36  SCV  
  105  12:37  SCV  
  107  12:39  SCV  
Show
View Real Time Build Order
Export as new Build Order

MOTO Zerg 

Build Orders: Pool First 

Get SALT Encoding   

  12  0:08  Overlord  
  12  0:15  Drone  
  12  0:18  Drone  
  14  0:31  Drone x2  
  16  0:42  Drone  
  16  1:19  Spawning Pool  
  15  1:26  Drone x2  
  15  1:29  Hatchery, Extractor  
  15  1:31  Drone  
  16  1:52  Drone x2  
  18  2:06  Zergling x2  
  19  2:08  Queen  
  19  2:11  Drone  
  22  2:23  Overlord  
  22  2:43  Zergling x4  
  24  2:44  Metabolic Boost  
  24  2:55  Overlord  
  24  2:57  Queen  
  27  2:58  Drone x2  
  28  3:10  Drone  
  29  3:19  Drone x3  
  33  3:20  Drone x3  
  35  3:33  Queen  
  36  3:56  Drone  
  36  3:57  Roach Warren, Drone x2, Overlord  
  36  3:58  Drone x2  
  40  4:23  Overlord x2  
  40  4:32  Drone x3  
  45  4:45  Hatchery  
  45  4:46  Lair  
  45  4:50  Overlord  
  45  4:52  Roach x5  
  51  5:34  Overlord  
  51  5:35  Overlord  
  51  5:36  Roach x5  
  51  5:37  Roach x3  
  67  5:55  Burrow  
  67  5:57  Queen  
  69  6:06  Extractor  
  69  6:07  Drone x3  
  71  6:14  Overlord x2  
  71  6:15  Roach x2  
  71  6:16  Zergling x2  
  76  6:43  Roach  
  76  6:44  Roach x2  
  76  6:46  Zergling x12  
  88  6:52  Extractor  
  87  6:54  Extractor  
  86  7:10  Extractor  
  86  7:11  Extractor, Glial Reconstitution  
  84  7:31  Drone  
  84  7:32  Drone x6  
  84  7:35  Drone x3  
  84  7:36  Drone x2  
  96  7:43  Ravager x3  
  99  7:46  Ravager  
  99  8:06  Overseer x4  
  99  8:26  Ravager  
  100  8:30  Ravager x4  
  104  8:34  Overlord x6  
  104  8:35  Overlord  
  104  8:45  Drone  
  104  8:46  Overlord x2  
  104  8:47  Overlord x2  
  105  8:58  Infestation Pit  
  52  9:32  Overlord  
  52  9:33  Roach x6  
  52  9:34  Roach x7  
  52  9:35  Roach x6  
  90  9:51  Overseer  
  90  9:53  Overseer  
  90  9:54  Overseer  
  90  10:08  Spire  
  89  10:25  Ravager x6  
  89  10:26  Ravager x6  
  85  10:54  Hydralisk Den, Drone x4  
  85  10:56  Overlord x2  
  88  11:10  Pneumatized Carapace  
  70  11:41  Mutalisk  
  70  11:42  Mutalisk x4  
  70  11:43  Hydralisk, Mutalisk x2  
  70  11:44  Hydralisk  
  70  11:45  Zergling x2  
  70  11:46  Zergling x14  
  97  11:47  Zergling x12  
  97  11:48  Zergling x4  
  97  11:52  Queen  
  106  12:02  Overseer x3  
  106  12:03  Overlord x3  
  106  12:27  Hydralisk x3  
  106  12:28  Hydralisk x3  
  106  12:29  Hydralisk  
  98  12:54  Hatchery  
Tags
 
Add a new tag
Caveats
  • Supply blocks, unpowered buildings, or Contaminate may cause inaccurate times.
  • Supply counts are checked every 10 seconds.